 Dungeon Crawl Stone Soup version 0.31-a0-233-g139696dc86 (webtiles) character file.

Game seed: 438117889986840968

58 qw the Shooter (level 4, -6/27 HPs)
             Began as a Gargoyle Hexslinger on July 7, 2023.
             Killed by divine providence
             ... invoked by an orc priest
              (15 damage)
             ... on level 3 of the Dungeon.
             The game lasted 00:00:38 (1805 turns).

qw the Shooter (Gargoyle Hexslinger)                Turns: 1805, Time: 00:00:38

Health: -6/27      AC:  7    Str: 12    XL:     4   Next: 2%
Magic:  5/5        EV: 11    Int: 13    God:
Gold:   871        SH:  0    Dex: 14    Spells: 4/5 levels left

rFire   . . .        Y - +1 sling
rCold   . . .        (no shield)
rNeg    + . .        g - +0 leather armour
rPois   inf          (no helmet)
rElec   +            (no cloak)
rCorr   .            j - +0 pair of gloves
SInv    .            (no boots)
Will    .....        (no amulet)
Stlth   +            (no ring)
HPRegen 0.24/turn    (no ring)
MPRegen 0.09/turn

%: no passive effects
@: no status effects
A: sickness immunity, AC +3, negative energy resistance 1, electricity
resistance, torment resistance 1, petrification resistance
a: no special abilities


You were on level 3 of the Dungeon.
You visited 1 branch of the dungeon, and saw 3 of its levels.

You collected 871 gold pieces.


Innate Abilities, Weirdness & Mutations

You are immune to sickness and miasma.
Your stone body is resilient. (AC +3)
You are immune to poison.
You resist negative energy. (rN+)
You are resistant to electric shocks. (rElec)
You are resistant to unholy torment.
You are immune to petrification.


   Skills:
 - Level 2.3 Fighting
 + Level 3.6 Ranged Weapons
 - Level 1.5 Dodging
 - Level 1.0 Spellcasting
 - Level 2.6 Hexes


You had 4 spell levels left.
You knew the following spells:

 Your Spells              Type           Power      Damage    Failure   Level
a - Slow                  Hex            28%        N/A       12%         1

Your spell library contained the following spells:

 Spells                   Type           Power      Damage    Failure   Level
 Inner Flame              Hex/Fire       4%         N/A       52%         3
 Portal Projectile        Hex/Tloc       8%         N/A       52%         3
 Cause Fear               Hex            3%         N/A       75%         4

Inventory:

Hand Weapons
 Y - a +1 sling (weapon)
Armour
 g - a +0 leather armour (worn)
 j - a +0 pair of gloves (worn)
Scrolls
 a - a scroll of identify
Potions
 d - a potion of enlightenment
 h - 4 potions of curing
 i - a potion of heal wounds

Dungeon Overview and Level Annotations

Branches:
Dungeon (3/15)

Altars:

Annotations:
D:1 1 transporter


Message History

You shoot a sling bullet.
The sling bullet barely misses the giant cockroach.
The giant cockroach bites you but does no damage.
You shoot a sling bullet.
The sling bullet hits the giant cockroach!
You kill the giant cockroach!
You shoot a sling bullet. The sling bullet barely misses the orc.
The orc hits you but does no damage. x2
You shoot a sling bullet.
The sling bullet hits the orc but does no damage.
The orc hits you with a +0 flail.
You shoot a sling bullet.
The sling bullet hits the orc but does no damage.
The orc closely misses you.
You shoot a sling bullet.
The sling bullet closely misses the orc.
The sling bullet closely misses the goblin.
You hear a shout!
The orc barely misses you.
You shoot a sling bullet. The sling bullet hits the orc.
The orc is moderately wounded.
The orc barely misses you. x2
You shoot a sling bullet. The sling bullet hits the orc.
The orc is heavily wounded.
The orc barely misses you.
You shoot a sling bullet.
The sling bullet closely misses the orc.
The sling bullet closely misses the goblin.
The orc hits you with a +0 flail.
You shoot a sling bullet.
The sling bullet hits the orc but does no damage.
The orc is heavily wounded.
The orc closely misses you.
You shoot a sling bullet.
The sling bullet completely misses the orc.
The sling bullet closely misses the goblin.
The orc priest calls down the wrath of Beogh upon you.
Beogh smites you!
Ouch! That really hurt!
You die...

##..###.##
####..## ##.##
#####.<..##
##.###
......##..##
##.##..
####..###..###.##
.# #..# ##..#..#
o# #..# #.#.#.#
.# #..#
#.###!###o# #..#
#......@og# #..#
#####.###.# ...#
#.# .# #.# .g #.#
.#. ..# .#.. ###
.# .. .# ##.


You could see an orc priest, an orc and a goblin.

Vanquished Creatures
  An adder (D:2)
  A worm (D:2)
  A dart slug (D:2)
  5 endoplasms
  5 giant cockroaches
  3 goblins
  4 hobgoblins
  2 quokkas
  A ball python (D:1)
  6 bats
  4 frilled lizards
  3 kobolds
  5 rats
41 creatures vanquished.

Notes
Turn   | Place    | Note
-------+----------+-------------------------------------------
     0 | D:1      | qw the Gargoyle Hexslinger began the quest for the Orb.
     0 | D:1      | Reached XP level 1. HP: 12/12 MP: 2/2
     0 | D:1      | 0 ||| qw: Version: 0.3-a-46-gb1f654a
     0 | D:1      | 0 ||| qw: Game counter: 3218
     0 | D:1      | 0 ||| qw: Melee chars always use a shield: true
     0 | D:1      | 0 ||| qw: God list: Okawaru
     0 | D:1      | 0 ||| qw: Allow faded altars: false
     0 | D:1      | 0 ||| qw: Do Orc after clearing Dungeon:15 true
     0 | D:1      | 0 ||| qw: Do second Lair branch before Depths: true
     0 | D:1      | 0 ||| qw: Lair rune preference: random
     0 | D:1      | 0 ||| qw: Goals: Normal
     0 | D:1      | 0 ||| PLANNING D:1-11
   248 | D:1      | Found a faded altar of an unknown god.
   294 | D:1      | Reached XP level 2. HP: 16/16 MP: 3/3
   359 | D:1      | Reached skill level 3 in Ranged Weapons
   736 | D:1      | 736 ||| UPGRADING to +0 pair of gloves.
   741 | D:1      | 741 ||| READING 2 scrolls labelled HUDUCO REOTRA.
   742 | D:1      | 742 ||| READING scroll labelled UCREACH NASM.
   743 | D:1      | 743 ||| READING scroll labelled WUPRIL TIPTA.
   744 | D:1      | 744 ||| READING scroll labelled XITHRU QAORCHEU.
   744 | D:1      | Identified a scroll of acquirement
   744 | D:1      | 744 ||| ACQUIRING 728 gold pieces
   744 | D:1      | Acquired 728 gold pieces
   746 | D:1      | 746 ||| DRINKING 2 sapphire potions.
   747 | D:1      | 747 ||| DRINKING 5 inky potions.
   748 | D:1      | 748 ||| DRINKING 2 lumpy white potions.
   853 | D:1      | 853 ||| DROPPING scroll of poison.
   854 | D:1      | 854 ||| DROPPING potion of invisibility.
   855 | D:1      | 855 ||| DROPPING potion of berserk rage.
  1005 | D:2      | Reached XP level 3. HP: 15/22 MP: 4/4
  1206 | D:2      | 1206 ||| FLEEEEING.
  1702 | D:2      | 1702 ||| UPGRADING to +0 leather armour.
  1712 | D:2      | 1712 ||| DROPPING +0 robe.
  1713 | D:2      | 1713 ||| READING scroll labelled KEDWUO HOING.
  1714 | D:2      | 1714 ||| READING scroll labelled JIYKUZXOCENT.
  1715 | D:2      | 1715 ||| DRINKING 2 bubbling green potions.
  1716 | D:2      | 1716 ||| DRINKING 2 fuming blue potions.
  1717 | D:2      | 1717 ||| READING 2 scrolls of identify.
  1717 | D:2      | 1717 ||| IDENTIFYING brown potion
  1718 | D:2      | 1718 ||| DROPPING potion of ambrosia.
  1793 | D:3      | 1793 ||| Stepping ~*~*~tactically~*~*~ (outnumbered).
  1795 | D:3      | Reached XP level 4. HP: 13/27 MP: 5/5
  1805 | D:3      | Killed from afar by an orc priest

Levels and vault maps discovered:
D:1:      spicycebolla_arrival_risky_transporter, layout_loops_ring,
          serial_rivers, chequers_serial_rivers_micro_a,
          chequers_serial_rivers_micro_e, chequers_serial_rivers_micro_e,
          chequers_serial_rivers_small_b, chequers_serial_rivers_small_a,
          chequers_serial_rivers_micro_c, hellmonk_ecumenical_altar_crossroads
D:2:      layout_loops_ring, kennysheep_small_spiral,
          wander_ebering_terrifying_dragon_lair
D:3:      layout_loops_ring

Skill      XL: |  1  2 |
---------------+-------+-----
Ranged Weapons | 3 |  3.6
Fighting       | 2 |  2.3
Dodging        | |  1.5
Spellcasting   | |  1.0
Hexes          | |  2.6

Action                     |  1- 3 |  4- 6 || total
---------------------------+-------+-------++-------
   Fire: Sling             |   112 |    11 ||   123
    Use: Scroll            |     7 |       ||     7
         Potion            |     5 |       ||     5
 Armour: Robe              |    13 |       ||    13
         Leather armour    |     2 |     3 ||     5
  Dodge: Dodged            |    24 |     6 ||    30

Table legend:
 A = Non-vault XP
 B = Vault XP
 C = Vault XP percentage of total XP
 D = Non-vault monster count
 E = Vault monster count
 F = Vault count percentage of total count
                 A         B        C        D         E       F
            +---------+---------+-------+---------+---------+-------
      Total |      83 |       1 |   1.2 |      40 |       1 |   2.4
            +---------+---------+-------+---------+---------+-------
        D:1 |      31 |       0 |   0.0 |      19 |       0 |   0.0
        D:2 |      47 |       1 |   2.1 |      18 |       1 |   5.3
        D:3 |       5 |       0 |   0.0 |       3 |       0 |   0.0
            +---------+---------+-------+---------+---------+-------
